 Dungeon Crawl Stone Soup version 0.30.1-3-gfc49f6343a (webtiles) character file.

Game seed: 12531254798000290304

66 Fodor the Covered (level 3, -2/33 HPs)
             Began as a Minotaur Fighter on Aug 1, 2023.
             Slain by an orc
             ... wielding a +0 trident
              (3 damage)
             ... on level 3 of the Dungeon.
             The game lasted 00:09:58 (2177 turns).

Fodor the Covered (Minotaur Fighter)                Turns: 2177, Time: 00:10:00

Health: -2/33      AC: 13    Str: 22    XL:     3   Next: 96%
Magic:  2/2        EV:  6    Int:  5    God:
Gold:   120        SH:  4    Dex:  9    Spells: 2/2 levels left

rFire   . . .        b - +0 morningstar
rCold   . . .        c - +0 buckler
rNeg    . . .        m - +0 plate armour
rPois   .            (helmet restricted)
rElec   .            (no cloak)
rCorr   .            a - +0 pair of gloves
SInv    .            (no boots)
Will    .....        (no amulet) Stlth
                     (no ring)
HPRegen 0.25/turn    (no ring)
MPRegen 0.08/turn

%: no passive effects
@: no status effects
A: horns 2, retaliatory headbutt
a: no special abilities


You were on level 3 of the Dungeon.
You visited 1 branch of the dungeon, and saw 3 of its levels.

You collected 132 gold pieces.
You spent 12 gold pieces at shops.

Inventory:

Hand Weapons
 b - a +0 morningstar (weapon)
Missiles
 e - 3 javelins (quivered)
Armour
 a - a +0 pair of gloves (worn)
 c - a +0 buckler (worn)
 m - a +0 plate armour (worn)
Scrolls
 i - a scroll of enchant weapon {unknown}
 j - 2 scrolls of fear {unknown}
 k - 3 scrolls of identify {unknown}
 l - a scroll of fog {unknown}
Potions
 d - a potion of might
 f - a potion of heal wounds
 g - a potion of cancellation {unknown}
 h - a potion of lignification {unknown}
 n - a potion of haste {unknown}


   Skills:
 + Level 4.2 Fighting
 + Level 3.1 Long Blades
 + Level 1.1 Maces & Flails
 + Level 4.3 Armour
 + Level 0.1 Dodging
 + Level 4.0 Shields


You had 2 spell levels left.
You didn't know any spells.
Your spell library contained the following spells:

 Spells                   Type           Power      Damage    Failure   Level
 Shock                    Conj/Air       0%         1d3       100%        1
 Passwall                 Tmut/Erth      0%         N/A       100%        2
 Poisonous Vapours        Pois/Air       0%         N/A       100%        2
 Swiftness                Air            0%         N/A       100%        3
 Airstrike                Air            0%         2d(0-16)  100%        4
 Arcjolt                  Conj/Air       0%         1d10      100%        5
 Iron Shot                Conj/Erth      0%         9d1       100%        6


Dungeon Overview and Level Annotations

Branches:
Dungeon (3/15)

Altars:
Cheibriados
Ru

Shops:
D:1 !


Innate Abilities, Weirdness & Mutations

You have a pair of horns on your head.
You reflexively headbutt those who attack you in melee.


Message History

You hear some strange, mumbled words.
A magic dart appears from out of thin air!
The magic dart hits you. The orc completely misses you.
The orc priest calls down the wrath of Beogh upon you.
Pain shoots through your body! Something hits you but does no damage.
You miss the orc priest. You headbutt the orc priest.
The orc priest is lightly wounded.
The orc hits you but does no damage. The orc priest completely misses you.
Something hits you but does no damage.
You puncture the orc priest!
You kill the orc priest!
You feel less confused. The orc closely misses you. Something hits you.
The orc barely misses you. Something hits you but does no damage.
The orc hits you with a +1 flail of holy wrath!
Your Maces & Flails skill increases to level 1!
You barely miss something. Your headbutt misses something.
You block the orc's attack.
The orc hits you with a +1 flail of holy wrath.
Something hits you but does no damage.
You miss something. The orc hits you but does no damage. x2
Something hits you.
* * * LOW HITPOINT WARNING * * *
The orc barely misses you.
You hear some strange, mumbled words.
A magic dart appears from out of thin air!
The magic dart hits you but does no damage.
The orc barely misses you.
You closely miss something.
The orc shouts!
The orc hits you but does no damage. x2; Something hits you.
* * * LOW HITPOINT WARNING * * *
A goblin comes into view. It is wielding a +0 club.
You closely miss something. The orc barely misses you.
The orc hits you with a +1 flail of holy wrath!
* * * LOW HITPOINT WARNING * * *
Something hits you.
* * * LOW HITPOINT WARNING * * *
The orc hits you from afar with a +0 trident.
You die...

#.........#
#.........#
##.........#
#...og(.....
#...........
#...........
#....o..J...
####o#######
#@{.###### ......
###.#....##......
####................
#....#.............
#.##.............#
#.###.....#......#
##.........#......###
#...#.............#..
#.#.#.....###.#####.#


You could see 3 orcs and a goblin.

Vanquished Creatures
  An orc priest (D:3)
  A worm (D:2)
  An orc (D:3)
  2 endoplasms
  A giant cockroach (D:2)
  3 goblins
  5 hobgoblins
  2 quokkas (D:1)
  4 ball pythons
  3 bats (D:2)
  2 frilled lizards (D:1)
  5 kobolds
  3 rats (D:1)
33 creatures vanquished.

Notes
Turn   | Place    | Note
-------+----------+-------------------------------------------
     0 | D:1      | Fodor the Minotaur Fighter began the quest for the Orb.
     0 | D:1      | Reached XP level 1. HP: 19/19 MP: 0/0
   269 | D:1      | Reached XP level 2. HP: 25/27 MP: 1/1
   274 | D:1      | Got the Omnibus of Arenous Ozone
   277 | D:1      | Found Olotad's Distillery.
   387 | D:1      | Bought a potion of degeneration for 12 gold pieces
  1684 | D:2      | Reached XP level 3. HP: 33/33 MP: 2/2
  1914 | D:3      | Found a sacrificial altar of Ru.
  1925 | D:3      | Found a snail-covered altar of Cheibriados.
  2174 | D:3      | Reached skill level 1 in Maces & Flails
  2177 | D:3      | HP: 1/33 [something (1)]
  2177 | D:3      | Slain by an orc

Illustrated notes

Levels and vault maps discovered:
D:1:      psy_arrival_fountain, layout_rooms, serial_shops,
          nicolae_shop_industrial_runoff, minivault_5
D:2:      minmay_general_purpose_star, layout_basic
D:3:      cheibrodos_fertilizer, layout_basic, lemuel_doored_altar,
          mainiacjoe_overflow_big_doors

Skill      XL: |  1  2  3 |
---------------+----------+-----
Armour         | 4 |  4.3
Fighting       | 4 |  4.2
Shields        | 4 |  4.0
Long Blades    | 3 |  3.1
Maces & Flails | 1 |  1.1
Dodging        | |  0.1

Action                     || total
---------------------------++-------
  Melee: Long sword        ||    78
         Morningstar       ||    26
         Headbutt          ||     7
    Use: Potion            ||     1
 Armour: Scale mail        ||    27
         Plate armour      ||    55
  Dodge: Dodged            ||    57
  Block: Buckler           ||    27
